 Dungeon Crawl Stone Soup version 0.26.0-10-g1f06aea511 (webtiles) character file.

Game seed: 15003380678145717998

229 krovler the Insei (level 5, -1/42 HPs)
             Began as a Vampire Abyssal Knight on Jan 23, 2021.
             Was an Initiate of Trog.
             Slain by a thrashing horror (14 damage)
             ... created by the touch of Lugonu
             ... on level 2 of the Dungeon.
             The game lasted 00:12:11 (2197 turns).

krovler the Insei (Vampire Abyssal Knight)          Turns: 2197, Time: 00:12:12

Health: -1/42      AC:  4    Str: 12    XL:     5   Next: 71%
Magic:  6/6        EV: 12    Int: 15    God:    Trog [......]
Gold:   46         SH:  0    Dex: 13    Spells: 4/4 levels left

rFire    . . .     SeeInvis +     - Unarmed
rCold    . . .     Faith    .   (no shield)
rNeg     . . .     Spirit   .   a - +1 leather armour
rPois    .         Reflect  .   (no helmet)
rElec    .         Harm     .   (no cloak)
rCorr    .         Rampage  .   (no gloves)
Will     .....                  (no boots)
Stlth    +.........             (no amulet)
HPRegen  0.34/turn              (no ring)
MPRegen  0.10/turn              (no ring)

@: confused, regenerating quickly
A: fangs 3, see invisible, unbreathing
a: Exsanguinate, Renounce Religion


You were on level 2 of the Dungeon.
You worshipped Trog.
Trog was noncommittal.
You visited 1 branch of the dungeon, and saw 3 of its levels.
You visited the Abyss 1 time.

You collected 46 gold pieces.

Inventory:

Missiles
 j - 70 stones (quivered)
Armour
 a - a +1 leather armour (worn)
Scrolls
 d - a scroll of enchant weapon {unknown}
 m - a scroll of noise {unknown}
 n - a scroll of fog {unknown}
 r - 3 scrolls of identify
 t - a scroll of teleportation
 x - a scroll of remove curse
 z - a scroll of blinking
Potions
 e - 2 potions of ambrosia


   Skills:
 + Level 3.8 Fighting
 - Level 0.7 Armour
 - Level 2.4 Dodging
 + Level 5.6 Unarmed Combat
 - Level 1.8 Invocations


You had 4 spell levels left.
You didn't know any spells.
Your spell library was empty.

Dungeon Overview and Level Annotations

Branches:
Dungeon (3/15)

Altars:
Cheibriados
Nemelex Xobeh
Trog

Annotations:
D:3 Ijyb


Innate Abilities, Weirdness & Mutations

Your natural rate of healing is unusually fast.
You have razor-sharp teeth.
You have supernaturally acute eyesight. (SInv)
You can survive without breathing.


Message History

You are too confused!
Okay, then.
You are too confused!
Unknown command.
You are too confused!
Unknown command.
Okay, then.
You are too confused!
Unknown command.
You are too confused!
Unknown command.
The thrashing horror roars!
There is an open door here.
The thrashing horror tramples you!
You are shoved backwards!
The thrashing horror tramples you!
You are shoved backwards!
You closely miss the thrashing horror. The thrashing horror tramples you!
* * * LOW HITPOINT WARNING * * *
You are shoved backwards!
You're too confused to move!
The thrashing horror tramples you!
You die...

####.#########.#...####.####.#.#
##..................# #.# #.#.#
......#######.......# #.# #.#.#
##.#### ##...#### #.# #.#.#
#.### ##.## #.# #.#.# #...# #.#
#.####.#.# #...# #.# #....#.#.#
#...# ##'## ####.#.#.# ##.##
##..@## #.#.#.# #.### ##...X.##
###.#.#.# #.#.## ##.......##
##.#.#.#.#
#....####.......>.####....#.#.#
##.......'.....(...'............
#......###.........####...##...#
#..#.#.# ##.......## ##..##...#
#..###.# ##.....## ##.##...#
#..###.# ##...## #...<..#


You could see a thrashing horror.

Vanquished Creatures
  Grinder (D:3)
  An adder (D:2)
  2 dart slugs (D:1)
  A leopard gecko (D:2)
  A giant cockroach (D:1)
  7 goblins
  5 hobgoblins
  5 kobolds
  A bat (D:2)
  2 frilled lizards
  5 rats
31 creatures vanquished.

Notes
Turn   | Place    | Note
-------+----------+-------------------------------------------
     0 | Abyss:1  | krovler the Vampire Abyssal Knight began the quest for the
                  | Orb.
     0 | Abyss:1  | Reached XP level 1. HP: 17/17 MP: 2/2
   125 | Abyss:1  | Noticed a large abomination
   153 | Abyss:1  | Noticed an eidolon
   176 | D:1      | Escaped the Abyss
   299 | D:1      | Reached * piety under Lugonu
   450 | D:1      | Reached XP level 2. HP: 11/16 MP: 3/3
   846 | D:1      | Reached XP level 3. HP: 20/20 MP: 4/4
  1117 | D:2      | Reached skill level 3 in Unarmed Combat
  1281 | D:2      | Found a bloodstained altar of Trog.
  1284 | D:2      | Found a snail-covered altar of Cheibriados.
  1286 | D:2      | Found a sparkling altar of Nemelex Xobeh.
  1289 | D:2      | Fell from the grace of Lugonu
  1289 | D:2      | Became a worshipper of Trog the Wrathful
  1966 | D:3      | Noticed Grinder
  1966 | D:3      | Paralysed by Grinder for 6 turns
  2058 | D:3      | Killed Grinder
  2059 | D:3      | Reached skill level 4 in Unarmed Combat
  2059 | D:3      | Reached skill level 5 in Unarmed Combat
  2059 | D:3      | Reached XP level 4. HP: 30/37 MP: 5/5
  2059 | D:3      | Reached XP level 5. HP: 34/42 MP: 6/6
  2156 | D:3      | Noticed Ijyb
  2193 | D:2      | Noticed a thrashing horror
  2197 | D:2      | Slain by a thrashing horror

Illustrated notes

Levels and vault maps discovered:
D:1:      dpeg_arrival_pits, layout_loops_cross
D:2:      layout_loops_corners, grunt_temple_overflow_open
D:3:      layout_basic, marbit_many_paths, uniq_sigmund, uniq_grinder,
          uniq_ijyb, uniq_terence

Skill      XL: |  1  2  3 |
---------------+----------+-----
Fighting       | 3 |  3.8
Unarmed Combat | 5 |  5.6
Armour         | |  0.7
Dodging        | |  2.4
Invocations    | |  1.8

Action                   |  1- 3 |  4- 6 || total
-------------------------+-------+-------++-------
Melee: Unarmed           |   112 |     6 ||   118
       Bite              |    13 |       ||    13
Throw: Javelin           |    10 |     3 ||    13
       Stone             |    13 |       ||    13
Invok: Depart the Abyss  |     1 |       ||     1
 Abil: Exsanguinate      |     4 |       ||     4
       Revivify          |     4 |       ||     4
  Use: Scroll            |     6 |       ||     6
       Potion            |     3 |       ||     3
 Stab: Sleeping          |     1 |       ||     1
Armor: Leather armour    |    25 |     3 ||    28
       Skin              |     2 |       ||     2
Dodge: Dodged            |    55 |     2 ||    57
